 Dungeon Crawl Stone Soup version 0.30-a0-1113-ga8025317a9 (webtiles) character file.

Game seed: 8923046227807682767

16151 CryoSword the Thaumaturge (level 12, -6/94 HPs)
             Began as a Gnoll Warper on Apr 19, 2023.
             Was a Believer of Sif Muna.
             Killed from afar by a gargoyle (32 damage)
             ... with a stone arrow
             ... on level 11 of the Dungeon.
             The game lasted 00:27:24 (16003 turns).

CryoSword the Thaumaturge (Gnoll Warper)           Turns: 16003, Time: 00:27:25

Health: -6/94      AC: 10    Str: 20    XL:     12   Next: 34%
Magic:  25/25      EV: 13    Int: 20    God:    Sif Muna [**....]
Gold:   724        SH: 10    Dex: 12    Spells: 17/29 levels left

rFire   . . .      SeeInvis .    H - +2 whip (pain)
rCold   . . .      Faith    .    F - +0 kite shield
rNeg    . . .      Spirit   .    i - +0 troll leather armour
rPois   .          Reflect  .    v - +1 helmet
rElec   .          Rampage  .    (no cloak)
rCorr   .                        x - +1 pair of gloves
Will    .....                    (no boots)
Stlth   +++                      a - amulet of magic regeneration
HPRegen 1.15/turn                h - +6 ring of intelligence
MPRegen 0.59/turn                p - +6 ring of strength {=R}

@: no status effects
A: fangs 1, strong nose, distributed training
a: Renounce Religion, Channel Magic


You were on level 11 of the Dungeon.
You worshipped Sif Muna.
Sif Muna was pleased with you.
You visited 2 branches of the dungeon, and saw 12 of its levels.

You collected 826 gold pieces.
You spent 102 gold pieces at shops.

Inventory:

Hand Weapons
 w - a +0 dire flail
   (You took it off a wight on level 7 of the Dungeon)
 H - a +2 whip of pain (weapon)
   (You took it off a kobold on level 10 of the Dungeon)
Missiles
 o - 11 curare-tipped darts (quivered)
Armour
 i - a +0 troll leather armour (worn)
   (You found it on level 9 of the Dungeon)
 v - a +1 helmet (worn)
   (You found it on level 5 of the Dungeon)
 x - a +1 pair of gloves (worn)
   (You found it on level 5 of the Dungeon)
 F - a +0 kite shield (worn)
   (You took it off a gnoll sergeant on level 8 of the Dungeon)
Jewellery
 a - an amulet of magic regeneration (around neck)
   (You found it on level 3 of the Dungeon)
 h - a +6 ring of intelligence (left hand)
   (You found it on level 4 of the Dungeon)
 p - a +6 ring of strength (right hand) {=R}
   (You found it on level 4 of the Dungeon)
 r - a ring of see invisible
   (You found it on level 4 of the Dungeon)
 z - a ring of protection from cold
   (You found it on level 6 of the Dungeon)
 E - an amulet of regeneration
   (You took it off an orc on level 7 of the Dungeon)
Wands
 s - a wand of flame (39)
   (You found it on level 4 of the Dungeon)
 J - a wand of mindburst (1)
   (You took it off Sonja on level 10 of the Dungeon)
Scrolls
 c - a scroll of blinking
 d - a scroll of noise {unknown}
 g - 4 scrolls of poison {!r}
 j - 3 scrolls of amnesia
 k - 4 scrolls of teleportation {@r4}
 l - a scroll of fear {unknown}
 q - a scroll of acquirement {unknown}
 u - a scroll of silence {unknown}
 y - 2 scrolls of fog {unknown}
 G - a scroll of immolation {unknown}
 I - a scroll of enchant weapon {unknown}
 L - a scroll of magic mapping {unknown}
Potions
 b - 2 potions of mutation {unknown}
 e - a potion of invisibility
 f - 6 potions of curing {@q1}
 m - 3 potions of haste {unknown}
 n - 5 potions of attraction {!q}
 t - a potion of flight {unknown}
 A - 2 potions of brilliance {unknown}
 B - a potion of ambrosia
 D - a potion of heal wounds {unknown}
 K - a potion of cancellation {unknown}


   Skills:
 + Level 8.8 Fighting
 + Level 7.4 Short Blades
 + Level 7.4 Long Blades
 + Level 7.4 Axes
 + Level 8.8 Maces & Flails
 + Level 7.4 Polearms
 + Level 7.4 Staves
 + Level 7.4 Ranged Weapons
 + Level 8.0 Throwing
 + Level 8.0 Armour
 + Level 8.8 Dodging
 + Level 7.4 Stealth
 + Level 7.4 Shields
 + Level 7.4 Unarmed Combat
 + Level 9.1 Spellcasting
 + Level 6.2 Conjurations
 + Level 6.2 Hexes
 + Level 6.2 Summonings
 + Level 6.2 Necromancy
 + Level 8.4 Translocations
 + Level 6.2 Transmutations
 + Level 6.2 Fire Magic
 + Level 6.2 Ice Magic
 + Level 6.2 Air Magic
 + Level 6.2 Earth Magic
 + Level 6.2 Poison Magic
 + Level 8.2 Invocations
 + Level 7.4 Evocations


You had 17 spell levels left.
You knew the following spells:

 Your Spells              Type           Power      Damage    Failure   Level
a - Teleport Other        Tloc           42%        N/A       1%          3
b - Vhi's Electric Charg  Tloc/Air       76%        N/A       3%          3
c - Manifold Assault      Tloc           42%        N/A       7%          4
B - Blink                 Tloc           84%        N/A       1%          2

Your spell library contained the following spells:

 Spells                   Type           Power      Damage    Failure   Level
 Apportation              Tloc           84%        N/A       1%          1
 Shock                    Conj/Air       100%       1d9       1%          1
 Lesser Beckoning         Tloc           84%        N/A       1%          2
 Ignite Poison            Fire/Tmut/Pois 34%        N/A       4%          3
 Inner Flame              Hex/Fire       34%        N/A       4%          3
 Swiftness                Air            34%        N/A       4%          3
 Airstrike                Air            17%        2d(3-19)  17%         4
 Flame Wave               Conj/Fire      34%        2d10      17%         4
 Sticky Flame             Conj/Fire      34%        2d5       17%         4
 Alistair's Intoxication  Tmut/Pois      22%        N/A       43%         5
 Dispersal                Tloc           21%        N/A       71%         6
 Disjunction              Tloc           21%        N/A       100%        8
 Ignition                 Fire           17%        3d7       100%        8


Dungeon Overview and Level Annotations

Branches:
Dungeon (11/15)            Temple (1/1) D:6            Lair (0/5) D:10
    Orc (0/2) D:10

Altars:
Ashenzari
Cheibriados
Dithmenos
Elyvilon
Fedhas
Gozag
Hepliaklqana
Kikubaaqudgha
Makhleb
Nemelex Xobeh
Okawaru
Qazlal
Ru
Sif Muna
Trog
Uskayaw
Vehumet
Wu Jian
Xom
Yredelemnul
Zin
The Shining One

Shops:
D:3 !   D:10 *

Annotations:
D:6 2 runed translucent doors


Innate Abilities, Weirdness & Mutations

You have very sharp teeth.
Your uncanny sense of smell can sniff out nearby items.
Your experience applies equally to all skills.


Message History

The arrow barely misses you.
Throw: 14 darts (curare)
Aim: a two-headed ogre, wielding a +0 giant spiked club and a +0 giant club (78% to hit)
You throw a curare-tipped dart.
The curare-tipped dart hits the two-headed ogre.
The two-headed ogre is poisoned.
The two-headed ogre convulses.
The two-headed ogre seems to slow down.
Space momentarily warps into an impossible shape!
You hit the catoblepas.
The catoblepas writhes in agony.
You hit the two-headed ogre. You hit the centaur.
The centaur writhes in agony.
Space momentarily warps into an impossible shape!
You hit the centaur.
The centaur writhes in agony.
You kill the centaur!
Sif Muna accepts your kill.
You whack the two-headed ogre!
The two-headed ogre writhes in agony.
You hit the catoblepas.
The catoblepas writhes in agony.
Space momentarily warps into an impossible shape!
You hit the two-headed ogre.
The two-headed ogre writhes in agony.
You hit the catoblepas but do no damage.
The catoblepas writhes in agony.
Space momentarily warps into an impossible shape!
You hit the catoblepas but do no damage.
The catoblepas writhes in agony.
You barely miss the two-headed ogre.
The catoblepas breathes a plume of calcifying dust at you.
The blast of calcifying dust hits the two-headed ogre.
The blast of calcifying dust hits you.
You are engulfed in calcifying dust.
The two-headed ogre is engulfed in calcifying dust.
The two-headed ogre is moving more slowly.
There is an open door here.
The two-headed ogre is engulfed in calcifying dust.
The two-headed ogre stops moving altogether!
The two-headed ogre is no longer moving slowly.
The two-headed ogre is engulfed in calcifying dust.
There is an open door here.
The helpless two-headed ogre fails to defend itself.
You whack the two-headed ogre!
The two-headed ogre writhes in agony.
You bite the two-headed ogre, but do no damage.
The helpless two-headed ogre fails to defend itself.
You hit the two-headed ogre.
The two-headed ogre writhes in agony.
You bite the two-headed ogre, but do no damage.
The catoblepas breathes a plume of calcifying dust at you.
The blast of calcifying dust hits the two-headed ogre.
The blast of calcifying dust hits you!
The two-headed ogre is engulfed in calcifying dust.
The two-headed ogre is engulfed in calcifying dust.
The two-headed ogre is engulfed in calcifying dust.
The two-headed ogre is engulfed in calcifying dust.
The two-headed ogre is engulfed in calcifying dust.
A gargoyle comes into view. It is wielding a +0 mace.
There is an open door here.
The helpless two-headed ogre fails to defend itself.
You hit the two-headed ogre.
The two-headed ogre writhes in agony.
The two-headed ogre is no longer petrified.
You block the two-headed ogre's attack.
The two-headed ogre hits you with a +0 giant club!!
You hit the two-headed ogre.
You kill the two-headed ogre!
Sif Muna accepts your kill.
The catoblepas breathes a plume of calcifying dust at you.
The blast of calcifying dust hits you!
The gargoyle hurls a stone arrow at you.
The stone arrow misses you.
There is an open door here.
You miscast Manifold Assault.
You are very lightly contaminated with residual magic.
Nothing appears to happen.
You hit the catoblepas. Your bite misses the catoblepas.
You block the catoblepas's attack.
You hit the catoblepas but do no damage.
The catoblepas writhes in agony.
You hit the catoblepas but do no damage.
The catoblepas writhes in agony.
The catoblepas breathes a plume of calcifying dust at you.
The blast of calcifying dust hits you but does no damage.
Throw: 13 darts (curare)
Aim: a catoblepas (lightly wounded, 91% to hit)
You throw a curare-tipped dart.
The curare-tipped dart barely misses the catoblepas.
The catoblepas breathes a plume of calcifying dust at you.
The blast of calcifying dust hits you.
The catoblepas stomps with a crash on the ground.
Throw: 12 darts (curare)
Aim: a catoblepas (calcifying dust, lightly wounded, 91% to hit)
You throw a curare-tipped dart.
The curare-tipped dart hits the catoblepas.
The catoblepas is poisoned.
The catoblepas convulses.
The catoblepas seems to slow down.
The catoblepas gores you!!
Your magical contamination has completely faded away.
You hit the catoblepas but do no damage.
You whack the catoblepas! You block the catoblepas's attack.
You hit the catoblepas but do no damage.
You bite the catoblepas, but do no damage.
You hit the catoblepas. The catoblepas gores you!
* * * LOW HITPOINT WARNING * * *
You whack the catoblepas!
The catoblepas writhes in agony.
You hit the catoblepas but do no damage.
The catoblepas breathes a plume of calcifying dust at you.
The blast of calcifying dust hits you but does no damage.
Throw: throwing net
Aim: a catoblepas (calcifying dust, heavily wounded, very poisoned, slow, 91% to hit)
You throw a throwing net. The throwing net hits the catoblepas.
The catoblepas is caught in the net!
The catoblepas is no longer moving slowly.
You hit the catoblepas.
The catoblepas writhes in agony.
The catoblepas struggles against the net.
You hit the catoblepas but do no damage.
The catoblepas writhes in agony.
You bite the catoblepas, but do no damage.
The catoblepas struggles against the net.
You whack the catoblepas!
The catoblepas writhes in agony.
You bite the catoblepas, but do no damage.
The catoblepas stomps with a crash on the ground.
The catoblepas struggles against the net.
You hit the catoblepas.
The catoblepas writhes in agony.
The gargoyle hurls a stone arrow at you.
The stone arrow hits you!
* * * LOW HITPOINT WARNING * * *
The catoblepas struggles against the net.
You hit the catoblepas but do no damage.
The catoblepas writhes in agony.
You kill the catoblepas!
Sif Muna accepts your kill.
The gargoyle hurls a stone arrow at you.
The stone arrow hits you!
* * * LOW HITPOINT WARNING * * *
Your Throwing skill increases to level 8!
Your Armour skill increases to level 8!
Here: a gargoyle, wielding a +0 mace The floor.
You block the gargoyle's attack.
Things that are here:
a throwing net; a catoblepas corpse
C - a throwing net The gargoyle hits you with a +0 mace!
* * * LOW HITPOINT WARNING * * *
Throw: throwing net
Aim: a gargoyle, wielding a +0 mace (79% to hit)
You throw a throwing net. The throwing net hits the gargoyle.
The gargoyle is caught in the net!
The gargoyle struggles against the net.
You hit the gargoyle but do no damage.
The gargoyle struggles against the net.
You hit the gargoyle but do no damage.
You bite the gargoyle, but do no damage.
You hit the gargoyle but do no damage.
The gargoyle struggles against the net.
You hit the gargoyle but do no damage.
The gargoyle hurls a stone arrow at you.
The stone arrow hits you!!
You die...

.. ∆#........#...Y#B...#.. .#
... #......#..O#. ∆ .#...# .#
.[..#.....##.............##.
.......).####..#.#.#.#..##..
##.....)# #.........# #.#
#.....(# #...#...# #.# #
######.#######.....#####.####
#.#.....###.###.........
#Y#.###@9....÷....#.###.
####§#'##......###.#.#(# #.
#..............+.#.#.#.# #.
#..............#.#.#.#.###.
#..............#.#.#.#.#...
####'#'#..#......#.#.#.....
#.#[####.##.....#.#.....
#.#......########.#.....
#.#.....................


You could see a gargoyle (caught).

Vanquished Creatures
  A catoblepas (D:11)
  2 two-headed ogres
  Sonja (D:10)
  2 deep trolls (D:9)
  A deep elf pyromancer (D:10)
  A cyclops (D:11)
  2 kobold demonologists (D:10)
  7 trolls
  A hornet (D:7)
  A wyvern (D:9)
  A basilisk (D:11)
  30 yaks
  3 steam dragons
  2 vampire mosquitoes
  A water moccasin (D:5)
  7 orc warriors
  3 black bears
  3 ice beasts
  4 sky beasts
  2 ogres
  A centaur (D:11)
  2 phantoms
  4 kobold brigands (D:10)
  3 bullfrogs
  5 scorpions
  A gnoll sergeant (D:8)
  7 wights
  2 electric eels (D:8)
  9 howler monkeys
  A jelly (D:7)
  5 hounds
  10 orc priests
  2 iguanas
  7 orc wizards
  10 gnolls
  5 adders
  A shadow imp (D:8)
  4 white imps
  2 ufetubi
  A worm (D:2)
  2 dart slugs
  32 orcs
  4 bats
  6 endoplasms
  2 giant cockroaches (D:1)
  7 goblins
  5 hobgoblins
  3 jackals (D:2)
  15 kobolds
  5 quokkas
  7 ball pythons
  6 frilled lizards
  6 rats
257 creatures vanquished.

Vanquished Creatures (others)
  10 fungi (D:10)
  17 plants (D:10)
27 creatures vanquished.

Grand Total: 284 creatures vanquished

Notes
Turn   | Place    | Note
-------+----------+-------------------------------------------
     0 | D:1      | CryoSword the Gnoll Warper began the quest for the Orb.
     0 | D:1      | Reached XP level 1. HP: 20/20 MP: 6/6
   147 | D:1      | Reached XP level 2. HP: 26/26 MP: 7/7
   732 | D:2      | Reached skill level 5 in Spellcasting
   732 | D:2      | Reached XP level 3. HP: 21/31 MP: 7/9
   735 | D:2      | Learned a level 2 spell: Blink
   739 | D:2      | Learned a level 3 spell: Teleport Other
   743 | D:2      | Learned a level 3 spell: Vhi's Electric Charge
   804 | D:2      | Reached skill level 1 in Invocations
   909 | D:2      | Reached skill level 1 in Short Blades
   909 | D:2      | Reached skill level 1 in Long Blades
   909 | D:2      | Reached skill level 1 in Axes
   909 | D:2      | Reached skill level 1 in Polearms
   909 | D:2      | Reached skill level 1 in Staves
   909 | D:2      | Reached skill level 1 in Ranged Weapons
   909 | D:2      | Reached skill level 1 in Stealth
   909 | D:2      | Reached skill level 1 in Shields
   909 | D:2      | Reached skill level 1 in Unarmed Combat
   909 | D:2      | Reached skill level 1 in Evocations
  1090 | D:2      | Reached XP level 4. HP: 29/38 MP: 11/11
  1295 | D:2      | Found a faded altar of an unknown god.
  1318 | D:2      | Found a bloodstained altar of Trog.
  1876 | D:3      | Found Babb's Distillery.
  1881 | D:3      | Bought a potion of curing for 33 gold pieces
  1881 | D:3      | Bought a potion of degeneration for 11 gold pieces
  2048 | D:3      | Reached skill level 1 in Conjurations
  2048 | D:3      | Reached skill level 1 in Hexes
  2048 | D:3      | Reached skill level 1 in Summonings
  2048 | D:3      | Reached skill level 1 in Necromancy
  2048 | D:3      | Reached skill level 1 in Transmutations
  2048 | D:3      | Reached skill level 1 in Fire Magic
  2048 | D:3      | Reached skill level 1 in Ice Magic
  2048 | D:3      | Reached skill level 1 in Air Magic
  2048 | D:3      | Reached skill level 1 in Earth Magic
  2048 | D:3      | Reached skill level 1 in Poison Magic
  2332 | D:3      | Learned a level 4 spell: Manifold Assault
  2731 | D:3      | Found Babb's Distillery.
  3052 | D:3      | Found Babb's Distillery.
  3446 | D:4      | Noticed a scorpion
  3451 | D:4      | Killed a scorpion
  3452 | D:4      | Reached XP level 5. HP: 43/43 MP: 12/12
  3649 | D:4      | Reached XP level 6. HP: 23/50 MP: 14/14
  3990 | D:4      | Reached skill level 5 in Fighting
  3990 | D:4      | Reached skill level 5 in Maces & Flails
  3990 | D:4      | Reached skill level 5 in Dodging
  4216 | D:4      | Reached XP level 7. HP: 34/56 MP: 15/15
  4686 | D:5      | Entered Level 5 of the Dungeon
  5529 | D:5      | Reached XP level 8. HP: 15/63 MP: 9/16
  5774 | D:5      | Reached skill level 6 in Spellcasting
  5957 | D:5      | Found a bloodstained altar of Trog.
  6501 | D:6      | Found a blossoming altar of Fedhas.
  6884 | D:6      | Reached XP level 9. HP: 62/69 MP: 3/18
  7044 | D:6      | Found an ornate altar of the Wu Jian Council.
  7162 | D:6      | Found a staircase to the Ecumenical Temple.
  7173 | Temple   | Entered the Ecumenical Temple
  7404 | D:6      | Reached skill level 5 in Throwing
  7404 | D:6      | Reached skill level 5 in Armour
  7549 | D:6      | Found a runed translucent door.
  7551 | D:6      | Found a runed translucent door.
  7677 | D:7      | Noticed a hornet
  7682 | D:7      | Killed a hornet
  7953 | D:7      | Reached skill level 5 in Invocations
  8174 | D:7      | Reached skill level 7 in Spellcasting
  8886 | D:7      | Reached skill level 5 in Short Blades
  8886 | D:7      | Reached skill level 5 in Long Blades
  8886 | D:7      | Reached skill level 5 in Axes
  8886 | D:7      | Reached skill level 5 in Polearms
  8886 | D:7      | Reached skill level 5 in Staves
  8886 | D:7      | Reached skill level 5 in Ranged Weapons
  8886 | D:7      | Reached skill level 5 in Stealth
  8886 | D:7      | Reached skill level 5 in Shields
  8886 | D:7      | Reached skill level 5 in Unarmed Combat
  8886 | D:7      | Reached skill level 5 in Evocations
  8886 | D:7      | Reached XP level 10. HP: 75/77 MP: 9/20
  9026 | D:8      | Found a hide-covered altar of Uskayaw.
  9088 | D:8      | Found a basalt altar of Yredelemnul.
  9107 | D:8      | Found a snail-covered altar of Cheibriados.
  9907 | D:8      | Found a white marble altar of Elyvilon.
  9910 | D:8      | Found a shadowy altar of Dithmenos.
  9912 | D:8      | Found a shimmering blue altar of Sif Muna.
  9918 | D:8      | Found a shimmering altar of Xom.
 10189 | D:8      | Found a sacrificial altar of Ru.
 10189 | D:8      | Found a radiant altar of Vehumet.
 10746 | D:8      | Became a worshipper of Sif Muna the Loreminder
 11776 | D:9      | Reached skill level 5 in Conjurations
 11776 | D:9      | Reached skill level 5 in Hexes
 11776 | D:9      | Reached skill level 5 in Summonings
 11776 | D:9      | Reached skill level 5 in Necromancy
 11776 | D:9      | Reached skill level 5 in Transmutations
 11776 | D:9      | Reached skill level 5 in Fire Magic
 11776 | D:9      | Reached skill level 5 in Ice Magic
 11776 | D:9      | Reached skill level 5 in Air Magic
 11776 | D:9      | Reached skill level 5 in Earth Magic
 11776 | D:9      | Reached skill level 5 in Poison Magic
 11782 | D:9      | Reached XP level 11. HP: 49/85 MP: 1/22
 11946 | D:9      | Reached skill level 8 in Spellcasting
 12483 | D:9      | Reached * piety under Sif Muna
 13404 | D:9      | Noticed a deep troll
 13409 | D:9      | Killed a deep troll
 13457 | D:9      | Noticed a deep troll
 13479 | D:9      | Killed a deep troll
 14123 | D:10     | Entered Level 10 of the Dungeon
 14333 | D:10     | Found Uskeyfuc's Assorted Antiques.
 14533 | D:10     | Bought a scroll labelled HORUARIFAIL for 31 gold pieces
 14533 | D:10     | Bought a fuming cyan potion for 27 gold pieces
 14553 | D:10     | Noticed a deep elf pyromancer
 14585 | D:10     | Killed a deep elf pyromancer
 14641 | D:10     | Found a staircase to the Orcish Mines.
 14666 | D:10     | Noticed a two-headed ogre
 14677 | D:10     | Killed a two-headed ogre
 14678 | D:10     | Reached XP level 12. HP: 94/94 MP: 3/24
 14717 | D:10     | Noticed Sonja
 14728 | D:10     | Killed Sonja
 14728 | D:10     | Reached ** piety under Sif Muna
 15366 | D:10     | Found a staircase to the Lair.
 15621 | D:11     | Noticed a boulder beetle
 15659 | D:11     | Reached skill level 9 in Spellcasting
 15941 | D:11     | Noticed a two-headed ogre
 15941 | D:11     | Noticed a catoblepas
 15970 | D:11     | Killed a two-headed ogre
 15996 | D:11     | Killed a catoblepas
 16003 | D:11     | Killed from afar by a gargoyle

Illustrated notes

Levels and vault maps discovered:
D:1:      shiori_arrival_elements, layout_rooms, kennysheep_crisscross,
          lemuel_flame_loot_1
D:2:      layout_loops_ring, basic_altar, hellmonk_ecumenical_altar_arch_garden
D:3:      layout_basic, serial_shops, shop
D:4:      layout_basic, chequers_serial_rivers_large_a
D:5:      layout_basic, kennysheep_little_box
D:6:      lemuel_insect_pit, layout_basic, nzn_wu_jian_council_hall,
          amcnicky_altar_gilded, minmay_temple_entry_antechambers
D:7:      layout_cave_pools, grunt_ministairs_8
D:8:      layout_loops_corners, nicolae_overflow_hallway_of_the_gods,
          nicolae_overflow_squiral, jmf_multi_god_temple
D:9:      lemuel_troll_bridge, layout_layer_cave
D:10:     layout_loops_cross, grunt_lair_entry_orc_guard_hut, orc_0_dummy,
          serial_shops, nicolae_shop_overgrown_old_shop, minmay_orc_keep,
          uniq_sonja
D:11:     minmay_roctagon, layout_basic
Temple:   eino_temple_lava

Skill      XL: |  1  2  3  4  5  6  7  8  9 10 11 12 |
---------------+-------------------------------------+-----
Spellcasting   | 5 6 7 8 9 |  9.1
Invocations    | 1 2 3 4 5 6 7 8 |  8.2
Short Blades   | 1 2 3 5 6 7 |  7.4
Long Blades    | 1 2 3 5 6 7 |  7.4
Axes           | 1 2 3 5 6 7 |  7.4
Polearms       | 1 2 3 5 6 7 |  7.4
Staves         | 1 2 3 5 6 7 |  7.4
Ranged Weapons | 1 2 3 5 6 7 |  7.4
Stealth        | 1 2 3 5 6 7 |  7.4
Shields        | 1 2 3 5 6 7 |  7.4
Unarmed Combat | 1 2 3 5 6 7 |  7.4
Evocations     | 1 2 3 5 6 7 |  7.4
Conjurations   | 1 2 3 4 5 6 |  6.2
Hexes          | 1 2 3 4 5 6 |  6.2
Summonings     | 1 2 3 4 5 6 |  6.2
Necromancy     | 1 2 3 4 5 6 |  6.2
Transmutations | 1 2 3 4 5 6 |  6.2
Fire Magic     | 1 2 3 4 5 6 |  6.2
Ice Magic      | 1 2 3 4 5 6 |  6.2
Air Magic      | 1 2 3 4 5 6 |  6.2
Earth Magic    | 1 2 3 4 5 6 |  6.2
Poison Magic   | 1 2 3 4 5 6 |  6.2
Throwing       | 3 4 5 6 7 8 |  8.0
Armour         | 3 4 5 6 7 8 |  8.0
Fighting       | 5 6 7 8 |  8.8
Maces & Flails | 5 6 7 8 |  8.8
Dodging        | 5 6 7 8 |  8.8
Translocations | 6 7 8 |  8.4

Action                     |  1- 3 |  4- 6 |  7- 9 | 10-12 || total
---------------------------+-------+-------+-------+-------++-------
  Melee: Mace              |   102 |    47 |       |       ||   149
         Bite              |     6 |    11 |    41 |    44 ||   102
         Whip              |       |    87 |   313 |   204 ||   604
         Punch             |       |     4 |     7 |     1 ||    12
         Dire flail        |       |       |    64 |   511 ||   575
  Throw: Dart              |       |     5 |     2 |    17 ||    24
         Throwing net      |       |       |       |     2 ||     2
   Cast: Teleport Other    |       |     1 |       |       ||     1
         Vhi's Electric Ch |       |     3 |    10 |    11 ||    24
         Manifold Assault  |       |       |    61 |   175 ||   236
         Blink             |       |       |       |     6 ||     6
 Invoke: Channel Magic     |       |       |       |     1 ||     1
  Evoke: Wand              |       |       |    14 |    10 ||    24
    Use: Scroll            |       |     6 |     5 |     1 ||    12
         Potion            |       |     2 |       |     1 ||     3
   Stab: Sleeping          |     2 |     2 |     1 |       ||     5
         Petrified         |       |       |       |     3 ||     3
 Armour: Leather armour    |    24 |    21 |    54 |    59 ||   158
         Troll leather arm |       |       |       |    65 ||    65
  Dodge: Dodged            |    61 |    75 |   159 |   278 ||   573
  Block: Kite shield       |       |       |       |    23 ||    23

Table legend: (Time is in decaauts)
 A = Elapsed time spent in this place.
 B = Non-inter-level travel time spent in this place.
 C = Inter-level travel time spent in this place.
 D = Time resting spent in this place.
 E = Time spent auto-exploring this place.
 F = Levels seen in this place.
 G = Mean time per level.
                   A        B        C        D        E       F      G
               +--------+--------+--------+--------+--------+-----+--------+
         Total |  15923 |  15235 |    688 |   2450 |   9732 |  12 | 1326.9 |
       Dungeon |  15850 |  15169 |    681 |   2450 |   9671 |  11 | 1440.9 |
        Temple |     72 |     65 |      7 |      0 |     61 |   1 |   72.0 |
               +--------+--------+--------+--------+--------+-----+--------+

Top non-repeatable levels by time:
     D:9: 2447 daAuts
     D:8: 2321 daAuts
     D:5: 1763 daAuts
     D:3: 1611 daAuts
     D:6: 1476 daAuts
    D:10: 1391 daAuts
     D:4: 1353 daAuts
     D:7: 1196 daAuts
     D:2: 1140 daAuts
     D:1: 711 daAuts
    D:11: 436 daAuts
  Temple: 72 daAuts
